 Dungeon Crawl Stone Soup version 0.28.0 (webtiles) character file.

Game seed: 17794656345020027511

133 hikkokomori the Covered (level 4, -1/41 HPs)
             Began as a Minotaur Fighter on Feb 6, 2022.
             Succumbed to Crazy Yiuf's poison
             ... on level 2 of the Dungeon.
             The game lasted 00:02:15 (1806 turns).

hikkokomori the Covered (Minotaur Fighter)          Turns: 1806, Time: 00:02:16

Health: -1/41      AC:  7    Str: 21    XL:     4   Next: 93%
Magic:  0/3        EV:  9    Int:  5    God:
Gold:   139        SH:  5    Dex: 11    Spells: 3/3 levels left

rFire   . . .      SeeInvis .   a - +0 war axe
rCold   . . .      Faith    .   c - +0 buckler
rNeg    . . .      Spirit   .   b - +0 scale mail
rPois   .          Reflect  .   (helmet restricted)
rElec   .          Harm     .   (no cloak)
rCorr   .          Rampage  .   (no gloves)
Will    .....                   (no boots)
Stlth   ..........              (no amulet)
HPRegen 0.13/turn               (no ring)
MPRegen 0.08/turn               (no ring)

@: lethally poisoned (-1 -> -11)
A: horns 2, retaliatory headbutt
a: no special abilities


You were on level 2 of the Dungeon.
You visited 1 branch of the dungeon, and saw 2 of its levels.

You collected 139 gold pieces.

Inventory:

Hand Weapons
 a - a +0 war axe (weapon)
Armour
 b - a +0 scale mail (worn)
 c - a +0 buckler (worn)
Jewellery
 i - a ring of protection from fire
Scrolls
 f - 2 scrolls of amnesia
 h - 2 scrolls of teleportation
 j - a scroll of immolation {unknown}
 k - a scroll of acquirement {unknown}
Potions
 d - a potion of might
 e - 2 potions of curing
 g - 2 potions of heal wounds {unknown}
 l - a potion of flight {unknown}


   Skills:
 + Level 4.6 Fighting
 + Level 3.7 Axes
 + Level 4.6 Armour
 + Level 4.6 Shields


You had 3 spell levels left.
You didn't know any spells.
Your spell library contained the following spells:

 Spells                   Type           Power      Damage    Failure   Level
 Freeze                   Ice            0%         1d3       88%         1
 Frozen Ramparts          Ice            0%         1d2       99%         3
 Airstrike                Air            0%         N/A       100%        4
 Hailstorm                Conj/Ice       0%         3d3       100%        4
 Summon Lightning Spire   Summ/Air       0%         N/A       100%        4
 Lightning Bolt           Conj/Air       0%         1d11      100%        5


Dungeon Overview and Level Annotations

Branches:
Dungeon (2/15)

Altars:
Vehumet


Innate Abilities, Weirdness & Mutations

You have a pair of horns on your head.
You reflexively headbutt those who attack you in melee.


Message History

a +0 flail; a gnoll corpse You open the door.
There is an open door here.
There is an open door here.
You see here a +0 dagger.
There is a stone staircase leading up here.
Crazy Yiuf shouts!
Crazy Yiuf cries, "You leg down broken song, no?"
As you open the door, it creaks loudly!
Crazy Yiuf says, "Two!
Papa cloud mobile."
You barely miss Crazy Yiuf. You headbutt Crazy Yiuf!
Crazy Yiuf is heavily wounded.
Crazy Yiuf hits you with a +4 quarterstaff of chaos!
Crazy Yiuf burns you.
You hit Crazy Yiuf but do no damage. You headbutt Crazy Yiuf.
Crazy Yiuf is almost dead.
Crazy Yiuf hits you with a +4 quarterstaff of chaos!
You feel your power leaking away. Crazy Yiuf closely misses you.
You closely miss Crazy Yiuf.
Crazy Yiuf is almost dead.
Crazy Yiuf drinks a potion.
Crazy Yiuf is healed!
You hit Crazy Yiuf. Your headbutt misses Crazy Yiuf.
Crazy Yiuf is severely wounded.
Crazy Yiuf hits you with a +4 quarterstaff of chaos.
Crazy Yiuf freezes you.
You hit Crazy Yiuf but do no damage.
You headbutt Crazy Yiuf, but do no damage.
Crazy Yiuf is severely wounded.
Crazy Yiuf hits you with a +4 quarterstaff of chaos!
* * * LOW HITPOINT WARNING * * *
You are lethally poisoned!
Crazy Yiuf says, "Tosser illywillydillykilly aubergine!"
Crazy Yiuf hits you with a +4 quarterstaff of chaos.
* * * LOW HITPOINT WARNING * * *
You hit Crazy Yiuf.
You kill Crazy Yiuf!
* * * LOW HITPOINT WARNING * * *
You feel very sick.
You die...

# #...##.....#
#####...######.#
#..<....# #.#
.......## ###
#####..#
#..##♣♣♣♣♣
#.##...♣.♣♣♣ ####
#.......♣..♣#...#
#......♣♣♣♣.@...#
##.#..♣♣ ♣♣#..)#
####♣♣ ####


There were no monsters in sight!

Vanquished Creatures
  Crazy Yiuf (D:2)
  A gnoll (D:2)
  2 adders (D:2)
  3 worms (D:2)
  A dart slug (D:1)
  7 bats
  6 endoplasms
  2 giant cockroaches (D:1)
  7 goblins
  9 hobgoblins
  5 kobolds
  2 quokkas (D:2)
  8 ball pythons
  2 frilled lizards (D:1)
  5 rats
61 creatures vanquished.

Notes
Turn   | Place    | Note
-------+----------+-------------------------------------------
     0 | D:1      | hikkokomori the Minotaur Fighter began the quest for the
                  | Orb.
     0 | D:1      | Reached XP level 1. HP: 19/19 MP: 0/0
   245 | D:1      | Reached XP level 2. HP: 27/27 MP: 1/1
   555 | D:1      | Reached XP level 3. HP: 33/33 MP: 2/2
   842 | D:2      | Found a faded altar of an unknown god.
  1084 | D:2      | Reached XP level 4. HP: 37/40 MP: 3/3
  1278 | D:2      | Found a radiant altar of Vehumet.
  1354 | D:2      | Found a runed translucent door.
  1355 | D:2      | Noticed Crazy Yiuf
  1805 | D:2      | Killed Crazy Yiuf
  1805 | D:2      | HP: 2/41 [poisoned by Crazy Yiuf]
  1806 | D:2      | Succumbed to Crazy Yiuf's poison

Illustrated notes

Levels and vault maps discovered:
D:1:      dpeg_arrival_oval, layout_basic
D:2:      minmay_chambers_of_twos, layout_rooms, basic_ecumenical_altar,
          basic_altar, minmay_bisected, uniq_crazy_yiuf_cottage

Skill      XL: |  1  2 |
---------------+-------+-----
Armour         | 4 |  4.6
Fighting       | 4 |  4.6
Axes           | 3 |  3.7
Shields        | 4 |  4.6

Action                   |  1- 3 |  4- 6 || total
-------------------------+-------+-------++-------
Melee: War axe           |    76 |    43 ||   119
       Headbutt          |     7 |     8 ||    15
  Use: Scroll            |     3 |       ||     3
Armor: Scale mail        |    39 |    21 ||    60
Dodge: Dodged            |    27 |    12 ||    39
Block: Buckler           |    19 |    13 ||    32
